 Dungeon Crawl Stone Soup version 0.24-a0-422-g9eff3895ba (webtiles) character file.

Game seed: 9689006375852125517

71 Gumption the Skirmisher (level 4, -2/37 HPs)
             Began as a Human Wanderer on June 12, 2019.
             Killed from afar by Natasha (9 damage)
             ... with a magic dart
             ... on level 2 of the Dungeon.
             The game lasted 00:09:37 (1844 turns).

Gumption the Skirmisher (Human Wanderer)            Turns: 1844, Time: 00:09:37

Health: -2/37      AC:  5    Str: 13    XL:     4   Next: 47%
Magic:  4/4        EV: 11    Int: 14    God:
Gold:   47         SH:  0    Dex: 11    Spells: 3/3 levels left

rFire    . . .     SeeInvis .   a - +0 hand axe
rCold    . . .     Gourm    .   (no shield)
rNeg     . . .     Faith    .   k - +0 leather armour
rPois    .         Spirit   .   i - +0 helmet
rElec    .         Reflect  .   n - +0 cloak
rCorr    .         Harm     .   (no gloves)
MR       .....                  (no boots)
Stlth    ++........             (no amulet)
HPRegen  0.12/turn              (no ring)
MPRegen  0.09/turn              (no ring)

@: slowed, very slow
A: no striking features
a: no special abilities


You were on level 2 of the Dungeon.
You were not hungry.

You visited 1 branch of the dungeon, and saw 2 of its levels.

You collected 47 gold pieces.

Inventory:

Hand Weapons
 a - a +0 hand axe (weapon)
 m - a +0 dagger
Missiles
 p - 16 stones
 q - 2 javelins (quivered)
 r - 13 poisoned darts
Armour
 i - a +0 helmet (worn)
 k - a +0 leather armour (worn)
 n - a +0 cloak (worn)
Scrolls
 c - 2 scrolls of teleportation
 h - a scroll of enchant weapon {unknown}
 j - 2 scrolls of identify {unknown}
 o - a scroll of blinking {unknown}
 s - 2 scrolls of remove curse {unknown}
Potions
 b - a potion of heal wounds {unknown}
 f - a potion of haste {unknown}
 g - 4 potions of curing {unknown}
 l - a potion of resistance {unknown}
Comestibles
 d - 2 chunks of flesh
 e - 4 rations


   Skills:
 + Level 3.7 Fighting
 * Level 2.5 Axes
 + Level 1.4 Dodging
 + Level 2.4 Stealth
   Level 1.0 Shields
   Level 3.0 Fire Magic


You had 3 spell levels left.
You didn't know any spells.
Your spell library contained the following spells:

 Spells                   Type           Power        Failure   Level  Hunger
 Flame Tongue             Conj/Fire      #....        21%         1    ##.....
 Throw Flame              Conj/Fire      #.....       30%         2    ###....
 Shock                    Conj/Air       #...         36%         1    ##.....
 Conjure Flame            Conj/Fire      #.......     52%         3    ####...
 Inner Flame              Hex/Fire       #.......     52%         3    ####...
 Sticky Flame             Conj/Fire      #.......     89%         4    #####..
 Fireball                 Conj/Fire      #.........   99%         5    ######.


Dungeon Overview and Level Annotations

Branches:
Dungeon (2/15)

Altars:

Annotations:
D:2 Natasha


Message History

Natasha claws you.
* * * LOW HITPOINT WARNING * * *
The crimson imp completely misses you.
You hit Natasha.
Natasha is almost dead.
You closely miss the crimson imp. Natasha claws you.
* * * LOW HITPOINT WARNING * * *
The crimson imp hits you.
* * * LOW HITPOINT WARNING * * *
Natasha casts a spell at you. You resist with some effort.
The crimson imp closely misses you.
You closely miss Natasha.
Natasha is almost dead.
You miss the crimson imp.
Natasha mumbles some strange words.
The crimson imp laughs crazily.
The crimson imp barely misses you. Natasha casts a spell at you.
The magic dart hits you!
You die...

.(( #.. #.# #.. #5#
#S# #h# #@# ### #5#
##.## #.# ##.#.##
####.####.###.####
#............(..>#
#.#...#.#.###.##.#
#.......##.#.###.#
######.#...#.###.##
#.# #.........##.#
### #.# #


You could see Natasha, a crimson imp, an adder and a shadow imp.

Vanquished Creatures
  Natasha (D:2)
  A gnoll (D:1)
  An ooze (D:2)
  2 worms (D:2)
  A leopard gecko (D:1)
  A ball python (D:1)
  A giant cockroach (D:1)
  3 goblins (D:1)
  3 hobgoblins
  5 bats (D:1)
  2 frilled lizards (D:1)
  2 kobolds
  5 rats
28 creatures vanquished.

Notes
Turn   | Place    | Note
-------+----------+-------------------------------------------
     0 | D:1      | Gumption the Human Wanderer began the quest for the Orb.
     0 | D:1      | Gumption set off with the following items: a +0 club, a
                  | scroll of teleportation, a +0 robe, a ration; and the
                  | following spells available to memorise: Flame Tongue, Throw
                  | Flame, Shock, Conjure Flame, Inner Flame, Sticky Flame,
                  | Fireball
     0 | D:1      | Reached XP level 1. HP: 18/18 MP: 1/1
   156 | D:1      | Reached XP level 2. HP: 11/24 MP: 2/2
   949 | D:1      | Reached skill level 1 in Dodging
   949 | D:1      | Reached XP level 3. HP: 25/29 MP: 3/3
  1390 | D:2      | Noticed Natasha
  1402 | D:2      | Killed Natasha
  1402 | D:2      | Reached XP level 4. HP: 13/37 MP: 4/4
  1830 | D:2      | Noticed Natasha
  1844 | D:2      | Killed from afar by Natasha

Levels and vault maps discovered:
D:1:      ncdulo_watergridlock, layout_basic
D:2:      layout_loops_corners, serial_forest, infiniplex_forest_end_2,
          infiniplex_forest_straight_2, infiniplex_forest_lined_2,
          infiniplex_forest_straight_2, uniq_natasha

Skill      XL: |  1  2 |
---------------+-------+-----
Dodging        | 1 |  1.4
Stealth        | 2 |  2.4
Fighting       | |  3.7
Axes           | |  2.5
Shields        | |  1.0
Fire Magic     | |  3.0

Action                   |  1- 3 |  4- 6 || total
-------------------------+-------+-------++-------
Melee: Club              |    34 |       ||    34
       Dagger            |    84 |       ||    84
       Hand axe          |    28 |    34 ||    62
Throw: Javelin           |       |     3 ||     3
  Eat: Chunk             |     2 |     1 ||     3
Armor: Robe              |    40 |       ||    40
       Leather armour    |    17 |    21 ||    38
Dodge: Dodged            |    96 |    19 ||   115

Table legend:
 A = Non-vault XP
 B = Vault XP
 C = Vault XP percentage of total XP
 D = Non-vault monster count
 E = Vault monster count
 F = Vault count percentage of total count
                 A         B        C        D         E       F
            +---------+---------+-------+---------+---------+-------
      Total |      67 |      35 |  34.3 |      27 |       1 |   3.6
            +---------+---------+-------+---------+---------+-------
        D:1 |      44 |       0 |   0.0 |      20 |       0 |   0.0
        D:2 |      23 |      35 |  60.3 |       7 |       1 |  12.5
            +---------+---------+-------+---------+---------+-------
